 Dungeon Sprint DCSS version 0.20-a0-1124-g2e29d97 (webtiles) character file.

1697 potatolord6000 the Protected (level 8, -2/124 HPs)
             Began as a Minotaur Fighter on May 15, 2017.
             Was an Initiate of Gozag.
             Slain by a demonic crawler (5 damage)
             ... in the Dungeon (Sprint I: "Red Sonja").
             The game lasted 00:03:42 (610 turns).

potatolord6000 the Protected (Minotaur Fighter)      Turns: 610, Time: 00:03:43

Health: -2/124     AC:  9    Str: 28    XL:     8   Next: 72%
Magic:  7/7        EV:  9    Int:  5    God:    Gozag
Gold:   630        SH: 13    Dex: 10    Spells: 7/7 levels left

rFire    . . .     SeeInvis .   a - +0 flail
rCold    . . .     Gourm    .   c - +0 shield
rNeg     . . .     Faith    .   b - +0 scale mail
rPois    .         Spirit   .   (helmet restricted)
rElec    .         Reflect  .   (no cloak)
rCorr    .         Harm     .   (no gloves)
MR       .....     NoTele   +   (no boots)
Stlth    ..........             (no amulet)
Regen    0.3/turn               (no ring)
MPRegen  0.1/turn               (no ring)

@: berserking (expiring), gold aura, very quick
A: retaliatory headbutt, horns 2
a: Potion Petition, Call Merchant, Bribe Branch, Renounce Religion


You were in the Dungeon.
You worshipped Gozag.
Gozag was pleased with you.
You were not hungry.

You visited 1 branch You collected 630 gold pieces.

Inventory:

Hand Weapons
 a - a +0 flail (weapon)
Armour
 b - a +0 scale mail (worn)
 c - a +0 shield (worn)
Scrolls
 d - a scroll of amnesia {unknown}
 k - a scroll of blinking
Potions
 e - a potion of curing
 i - 2 potions of magic
Comestibles
 f - a bread ration


   Skills:
 + Level 12.1 Fighting
 + Level 11.7 Maces & Flails
 + Level 12.1 Armour
 + Level 12.0 Shields


You had 7 spell levels left.
You didn't know any spells.

Dungeon Overview and Level Annotations

Branches:
Dungeon (1/1)

Altars:
Cheibriados
Dithmenos
Elyvilon
Fedhas
Gozag
Hepliaklqana
Kikubaaqudgha
Makhleb
Nemelex Xobeh
Okawaru
Qazlal
Ru
Sif Muna
Trog
Uskayaw
Vehumet
Wu Jian
Xom
Yredelemnul
Zin
The Shining One
Jiyva
Lugonu

Shops:
D *


Innate Abilities, Weirdness & Mutations

You reflexively headbutt those who attack you in melee.
You have a pair of horns on your head.


Message History

The demonic crawler hits you but does no damage.
The demonic crawler hits you.
* * * LOW HITPOINT WARNING * * *
The demonic crawler hits you but does no damage.
You thump the demonic crawler!
The demonic crawler is almost dead.
The demonic crawler barely misses you. You furiously retaliate!
You headbutt the demonic crawler!
The demonic crawler hits you but does no damage.
The demonic crawler barely misses you.
You block the demonic crawler's attack. x2
The demonic crawler closely misses you.
You bludgeon the demonic crawler!!
You kill the demonic crawler!
Your Fighting skill increases to level 12!
Your Armour skill increases to level 12!
Your Shields skill increases to level 12!
You block the demonic crawler's attack. The demonic crawler barely misses you.
The demonic crawler hits you.
You die...
Your body crumbles into a pile of gold.

#################
#..'..#__#..'.).# $$
').#..'^.'..#).s##+#$
$
#####'#__####...@$.#$
#...#.#### #####s.+$
$ #..##)# $$ +## $ $$
##'#_.+ $ .'..._# $$
$$$ ##_.#'# ###+#)# $
$ # ### $ $ $ $$ $$
$$


You could see 2 demonic crawlers.

Vanquished Creatures
  2 kobold demonologists (D)
  2 demonic crawlers (D)
  A slime creature (D)
  Sigmund (D)
  A yak (D)
  A floating eye (D)
  An ogre (D)
  A jelly (D)
  Ijyb (D)
11 creatures vanquished.

Vanquished Creatures (others)
  A gargoyle (D)
1 creature vanquished.

Grand Total: 12 creatures vanquished

Notes
Turn   | Place    | Note
-------+----------+-------------------------------------------
     0 | D        | potatolord6000 the Minotaur Fighter began the quest for the Orb.
     0 | D        | Reached XP level 1. HP: 19/19 MP: 0/0
     2 | D        | Noticed Ijyb
    30 | D        | Killed Ijyb
    30 | D        | Reached skill level 5 in Fighting
    30 | D        | Reached skill level 5 in Armour
    30 | D        | Reached XP level 2. HP: 28/29 MP: 1/1
    34 | D        | Noticed an ogre
    38 | D        | Killed an ogre
    38 | D        | Reached skill level 5 in Maces & Flails
    38 | D        | Reached XP level 3. HP: 20/38 MP: 2/2
    38 | D        | Reached XP level 4. HP: 24/45 MP: 3/3
    43 | D        | Noticed Sigmund
    55 | D        | Killed Sigmund
    55 | D        | Reached XP level 5. HP: 22/53 MP: 4/4
    83 | D        | Found an ornate altar of the Wu Jian Council.
    83 | D        | Found a deep blue altar of Sif Muna.
    85 | D        | Found a radiant altar of Vehumet.
    87 | D        | Reached XP level 6. HP: 30/62 MP: 5/5
   101 | D        | Found Liusan's Assorted Antiques.
   101 | D        | Found an ancient bone altar of Kikubaaqudgha.
   101 | D        | Found a hazy altar of Hepliaklqana.
   101 | D        | Found a stormy altar of Qazlal.
   101 | D        | Found a hide-covered altar of Uskayaw.
   101 | D        | Found a blossoming altar of Fedhas.
   101 | D        | Found a bloodstained altar of Trog.
   101 | D        | Found an iron altar of Okawaru.
   101 | D        | Found a basalt altar of Yredelemnul.
   101 | D        | Found a glowing golden altar of the Shining One.
   101 | D        | Found a snail-covered altar of Cheibriados.
   101 | D        | Found a sacrificial altar of Ru.
   101 | D        | Found a glowing silver altar of Zin.
   101 | D        | Found a shadowy altar of Dithmenos.
   101 | D        | Found a white marble altar of Elyvilon.
   101 | D        | Noticed a yak
   104 | D        | Killed a yak
   105 | D        | Found an opulent altar of Gozag.
   106 | D        | Found a sparkling altar of Nemelex Xobeh.
   119 | D        | Became a worshipper of Gozag Ym Sagoz the Greedy
   262 | D        | Found a burning altar of Makhleb.
   262 | D        | Found a viscous altar of Jiyva.
   262 | D        | Found a shimmering altar of Xom.
   262 | D        | Found a corrupted altar of Lugonu.
   262 | D        | Noticed a slime creature
   271 | D        | Killed a slime creature
   271 | D        | Reached skill level 10 in Fighting
   271 | D        | Reached skill level 10 in Armour
   271 | D        | Reached skill level 10 in Shields
   271 | D        | Reached XP level 7. HP: 35/72 MP: 6/6
   287 | D        | Noticed a kobold demonologist
   288 | D        | Noticed a kobold demonologist
   289 | D        | Paralysed by a floating eye for 4 turns
   293 | D        | Noticed a soul eater
   307 | D        | Killed a kobold demonologist
   307 | D        | Reached skill level 10 in Maces & Flails
   315 | D        | Killed a kobold demonologist
   315 | D        | Reached XP level 8. HP: 19/82 MP: 7/7
   558 | D        | Killed a gargoyle
   594 | D        | Noticed a demonic crawler
   594 | D        | Noticed a demonic crawler
   594 | D        | Noticed a demonic crawler
   594 | D        | Noticed a demonic crawler
   601 | D        | Killed a demonic crawler
   608 | D        | HP: 3/124 [demonic crawler (4)]
   610 | D        | Killed a demonic crawler
   610 | D        | Slain by a demonic crawler

Vault maps used:
D:        dungeon_sprint_1

Skill      XL: |  1  2  3  4  5  6  7  8 |
---------------+-------------------------+-----
Fighting       | 5 6 8 10 11 12 | 12.1
Maces & Flails | 4 5 7 9 11 | 11.7
Armour         | 5 6 8 10 11 12 | 12.1
Shields        | 4 6 8 10 11 12 | 12.0

Action                   |  1- 3 |  4- 6 |  7- 9 || total
-------------------------+-------+-------+-------++-------
Melee: Flail             |    30 |    22 |    36 ||    88
       Headbutt          |     2 |    10 |    13 ||    25
  Use: Potion            |     1 |     2 |     1 ||     4
Armor: Scale mail        |    13 |     2 |    21 ||    36
Dodge: Dodged            |     6 |     2 |    24 ||    32
Block: Shield            |    11 |     1 |    37 ||    49
